 Dungeon Crawl Stone Soup version 0.31-a0-931-g7b59d4eb97 (webtiles) character file.

Game seed: 16819307878261892779

52 kae the Vexing (level 3, 0/24 HPs)
             Began as a Demonspawn Enchanter on Oct 19, 2023.
             Slain by Robin
             ... wielding a +0 whip
              (6 damage)
             ... on level 1 of the Dungeon.
             The game lasted 00:03:03 (1484 turns).

kae the Vexing (Demonspawn Enchanter)               Turns: 1484, Time: 00:03:04

Health: 0/24       AC:  2    Str:  8    XL:     3   Next: 60%
Magic:  0/6        EV: 12    Int: 18    God:
Gold:   52         SH:  4    Dex: 13    Spells: 4/6 levels left

rFire   . . .        d - +1 short sword (venom)
rCold   . . .        (no shield)
rNeg    . . .        b - +0 robe
rPois   .            (no helmet)
rElec   .            (no cloak)
rCorr   .            (no gloves)
SInv    .            (no boots)
Will    .....        (no amulet)
Stlth   ++           (no ring)
HPRegen 0.24/turn    (no ring)
MPRegen 0.10/turn

%: no passive effects
@: very slightly contaminated
A: condensation shield
a: no special abilities


You were on level 1 of the Dungeon.
You visited 1 branch of the dungeon, and saw 2 of its levels.

You collected 52 gold pieces.


Innate Abilities, Weirdness & Mutations

A meltable shield of frost defends you. (SH +4)


   Skills:
 * Level 2.0 Short Blades
 - Level 1.7 Dodging
 + Level 3.0 Stealth
 + Level 2.3 Spellcasting
 * Level 3.6 Hexes


You had 4 spell levels left.
You knew the following spells:

 Your Spells              Type           Power      Damage    Failure   Level
a - Ensorcelled Hibernat  Hex/Ice        16%        N/A       13%         2

Your spell library contained the following spells:

 Spells                   Type           Power      Damage    Failure   Level
 Confusing Touch          Hex            15%        N/A       12%         3
 Tukima's Dance           Hex            15%        N/A       12%         3
 Apportation              Tloc           4%         N/A       19%         1
 Necrotise                Necr           8%         1d4       19%         1
 Summon Small Mammal      Summ           8%         N/A       19%         1
 Dazzling Flash           Conj/Hex       16%        N/A       26%         3
 Passage of Golubria      Tloc           2%         N/A       87%         4
 Silence                  Hex/Air        4%         N/A       93%         5
 Lehudib's Crystal Spear  Conj/Erth      1%         10d2      100%        8

Inventory:

Hand Weapons
 a - a +1 dagger
 d - a +1 short sword of venom (weapon)
   (You took it off a kobold on level 2 of the Dungeon)
 f - a +1 dagger of speed
   (You took it off a goblin on level 2 of the Dungeon)
Missiles
 g - 6 stones
Armour
 b - a +0 robe (worn)
Scrolls
 e - 2 scrolls of teleportation {@r4}
Potions
 c - a potion of invisibility
 h - 2 potions of mutation {!q}
 i - a potion of ambrosia
 j - a potion of curing {@q1}

Dungeon Overview and Level Annotations

Branches:
Dungeon (2/15) Zot: 10523

Altars:

Annotations:
D:1 Robin

#.# #.# #.# #.# #.# #.#
#.# #.# ############ #.#
#.# #...[....... #.# #.#
#.########## ####
#.####.# #.#
...###....#.###### #.#
...'...........g@# #.#
...######'######.# #.#
####........# #.# #.#
#........# #.# #.#
####...รท....# #.# #.#
..##........# #.# #.#
..##........# #.# #.#
..##........# #.# #.#
..##........####.#####.#


You could see Robin (very poisoned).


Message History

You see here a frilled lizard corpse.
A hobgoblin is nearby!
You start waiting.
A hobgoblin is nearby!
Casting: Ensorcelled Hibernation (safe; 13% risk of failure)
Confirm with . or Enter, or press ? or * to list all spells.
Aiming: Ensorcelled Hibernation (safe; 13% risk of failure)
Press: ? - help, Shift-Dir - straight line, f - hobgoblin
Aim: a hobgoblin (chance to affect: 59%)
You miscast Ensorcelled Hibernation.
You are very lightly contaminated with residual magic.
Nothing appears to happen. ๐Ÿ˜Ž MP[-2]
You lost 2 mp, and now have 4/6 mp.
You hit the hobgoblin.
The hobgoblin is poisoned.
You hit the hobgoblin.
You kill the hobgoblin!
The hobgoblin closely misses you.
You hit the hobgoblin.
You kill the hobgoblin!
Your Short Blades skill increases to level 2!
The goblin barely misses you.
You hit the goblin.
The goblin is poisoned.
The goblin closely misses you.
You hit the goblin.
You kill the goblin!
No target in view!
No target in view!
No target in view!
You start resting.
Your magical contamination has completely faded away.
Things that are here:
a +0 club; a frilled lizard corpse ๐Ÿ˜Ž MP[+1] Robin roars a battlecry!
The goblin goes into a battle-frenzy!
Things that are here:
a +0 club; a frilled lizard corpse Robin roars a battlecry!
Things that are here:
a hobgoblin corpse; a frilled lizard corpse You see here a hobgoblin corpse.
There is a stone staircase leading up here. ๐Ÿ˜Ž MP[+1]
Your mp is fully restored (6).
You miss the goblin.
A hobgoblin comes into view.
The goblin hits you with a +0 club. ๐Ÿ˜ฎ HP[-6]
You take 6 damage, and now have 18/24 hp.
MASSIVE DAMAGE!! (PAUSE)
You hit the goblin.
You kill the goblin!
Robin hits you with a +0 whip.
You climb upwards.
There is a stone staircase leading down here.
Casting: Ensorcelled Hibernation (safe; 13% risk of failure)
Confirm with . or Enter, or press ? or * to list all spells.
Aiming: Ensorcelled Hibernation (safe; 13% risk of failure)
Press: ? - help, Shift-Dir - straight line, f - Robin
Aim: Robin, wielding a +0 whip, wearing a +0 animal skin and wearing a +0 helmet (chance to affect: 50%) Robin resists with some effort.
Robin closely misses you. ๐Ÿ˜ฎ MP[-2]
You lost 2 mp, and now have 4/6 mp.
Casting: Ensorcelled Hibernation (safe; 13% risk of failure)
Confirm with . or Enter, or press ? or * to list all spells.
Aiming: Ensorcelled Hibernation (safe; 13% risk of failure)
Press: ? - help, Shift-Dir - straight line, f/p - Robin
Aim: Robin, wielding a +0 whip, wearing a +0 animal skin and wearing a +0 helmet (chance to affect: 50%)
You miscast Ensorcelled Hibernation.
You are very lightly contaminated with residual magic.
Nothing appears to happen.
Robin hits you with a +0 whip. ๐Ÿ˜ฎ HP[-4] MP[-2]
You take 4 damage, and now have 14/24 hp.
You lost 2 mp, and now have 2/6 mp.
Casting: Ensorcelled Hibernation (safe; 13% risk of failure)
Confirm with . or Enter, or press ? or * to list all spells.
Aiming: Ensorcelled Hibernation (safe; 13% risk of failure)
Press: ? - help, Shift-Dir - straight line, f/p - Robin
Aim: Robin, wielding a +0 whip, wearing a +0 animal skin and wearing a +0 helmet (chance to affect: 50%)
You miscast Ensorcelled Hibernation.
Nothing appears to happen.
Robin hits you with a +0 whip.
* * * LOW HITPOINT WARNING * * *
๐Ÿ˜จ HP[-4] MP[-2]
You take 4 damage, and now have 10/24 hp.
You lost 2 mp, and now have 0/6 mp.
You barely miss Robin. Robin misses you.
You hit Robin but do no damage.
Robin is poisoned.
Robin hits you with a +0 whip.
* * * LOW HITPOINT WARNING * * *
๐Ÿ˜ฑ HP[-4]
You take 4 damage, and now have 6/24 hp.
Unknown command.
You hit Robin. Robin hits you with a +0 whip.
* * * LOW HITPOINT WARNING * * *
๐Ÿ˜ฑ HP[-1]
You take 1 damage, and now have 5/24 hp.
You hit Robin but do no damage.
Robin looks even sicker.
Robin hits you with a +0 whip.
You die...
Robin lets out a smug laugh.

Skill      XL: |  1  2  3 |
---------------+----------+-----
Short Blades   | 1 2 |  2.0
Stealth        | 3 |  3.0
Dodging        | |  1.7
Spellcasting   | |  2.3
Hexes          | |  3.6

Action                     || total
---------------------------++-------
  Melee: Dagger            ||    75
         Short sword       ||    50
         Punch             ||     1
   Cast: Ensorcelled Hiber ||    11
    Use: Potion            ||     1
         Scroll            ||     5
   Stab: Invisible         ||     2
         Sleeping          ||    10
 Armour: Robe              ||    52
  Dodge: Dodged            ||    59
  Block: Other             ||    19

Levels and vault maps discovered:
D:1:      psy_arrival_terrarium, layout_basic
D:2:      layout_loops_ring, uniq_robin

Notes
Turn   | Place    | Note
-------+----------+-------------------------------------------
     0 | D:1      | kae the Demonspawn Enchanter began the quest for the Orb.
     0 | D:1      | Reached XP level 1. HP: 13/13 MP: 3/3
     0 | D:1      | magus.rc [v1.11.3]
    19 | D:1      | Reached skill level 1 in Short Blades
    75 | D:1      | HP: 3/13 [constriction (1)]
    77 | D:1      | Gained mutation: A meltable shield of frost defends you.
                  | (SH +4) [demonic ancestry]
    77 | D:1      | Reached XP level 2. HP: 3/19 MP: 5/5
   175 | D:1      | Learned a level 2 spell: Ensorcelled Hibernation
   224 | D:1      | You pick up a book of the Moon and begin reading...
   224 | D:1      | You add the spells Passage of Golubria, Silence and
                  | Lehudib's Crystal Spear to your library.
   696 | D:1      | You pick up a book of Cantrips and begin reading...
   696 | D:1      | You add the spells Necrotise, Summon Small Mammal and
                  | Apportation to your library.
  1088 | D:2      | magus.rc [v1.11.3]
  1146 | D:2      | Reached XP level 3. HP: 8/24 MP: 1/6
  1150 | D:2      | HP: 3/24 [quokka (5)]
  1332 | D:2      | Noticed Robin
  1380 | D:2      | Reached skill level 3 in Stealth
  1456 | D:2      | Reached skill level 2 in Short Blades
  1482 | D:1      | HP: 6/24 [Robin/+0 whip (4)]
  1484 | D:1      | Slain by Robin

Vanquished Creatures
  A worm (D:2)
  A dart slug (D:2)
  6 ball pythons (D:1)
  An endoplasm (D:1)
  3 giant cockroaches (D:1)
  6 goblins (D:2)
  8 hobgoblins
  4 kobolds
  2 quokkas (D:2)
  A bat (D:1)
  3 frilled lizards
  4 rats (D:1)
40 creatures vanquished.

Table legend:
 A = Non-vault XP
 B = Vault XP
 C = Vault XP percentage of total XP
 D = Non-vault monster count
 E = Vault monster count
 F = Vault count percentage of total count
                 A         B        C        D         E       F
            +---------+---------+-------+---------+---------+-------
      Total |      58 |      17 |  22.7 |      31 |       9 |  22.5
            +---------+---------+-------+---------+---------+-------
        D:1 |      36 |       0 |   0.0 |      21 |       0 |   0.0
        D:2 |      22 |      17 |  43.6 |      10 |       9 |  47.4
            +---------+---------+-------+---------+---------+-------

Skill      XL: |  1  2  3 |
---------------+----------+-----
Short Blades   | 1 2 |  2.0
Stealth        | 3 |  3.0
Dodging        | |  1.7
Spellcasting   | |  2.3
Hexes          | |  3.6

Action                     || total
---------------------------++-------
  Melee: Dagger            ||    75
         Short sword       ||    50
         Punch             ||     1
   Cast: Ensorcelled Hiber ||    11
    Use: Potion            ||     1
         Scroll            ||     5
   Stab: Invisible         ||     2
         Sleeping          ||    10
 Armour: Robe              ||    52
  Dodge: Dodged            ||    59
  Block: Other             ||    19

Illustrated notes

Table legend:
 A = Kills in this place as a percentage of kills in the entire game.
 B = Kills by you in this place as a percentage of kills by you in the entire game.
 C = Kills by friends in this place as a percentage of kills by friends in the entire game.
 D = Other kills in this place as a percentage of other kills in the entire game.
 E = Experience gained in this place as a percentage of experience gained in the entire game.
 F = Experience gained in this place divided by the number of levels of this place that you have seen.
                   A       B       C       D       E      F
               +-------+-------+-------+-------+-------+----------------------
         Total | 100.0 | 100.0 |   N/A |   N/A | 100.0 |  37.5
       Dungeon | 100.0 | 100.0 |   N/A |   N/A | 100.0 |  37.5
               +-------+-------+-------+-------+-------+----------------------

Table legend: (Time is in decaauts)
 A = Elapsed time spent in this place.
 B = Non-inter-level travel time spent in this place.
 C = Inter-level travel time spent in this place.
 D = Time resting spent in this place.
 E = Time spent auto-exploring this place.
 F = Levels seen in this place.
 G = Mean time per level.
                   A        B        C        D        E       F      G
               +--------+--------+--------+--------+--------+-----+--------+
         Total |   1475 |   1459 |     16 |    198 |    902 |   2 |  737.5 |
       Dungeon |   1475 |   1459 |     16 |    198 |    902 |   2 |  737.5 |
               +--------+--------+--------+--------+--------+-----+--------+

Top non-repeatable levels by time:
     D:1: 1070 daAuts
     D:2: 405 daAuts
